 Dungeon Crawl Stone Soup version 0.29.1-1-gd02db6906a (webtiles) character file.

Game seed: 13037220292531568040

100 christhawk the Conjurer (level 4, -1/34 HPs)
             Began as a Draconian Conjurer on Sept 25, 2022.
             Was a Follower of the Shining One.
             Killed from afar by Natasha (14 damage)
             ... with a bolt of dispelling energy
             ... on level 2 of the Dungeon.
             The game lasted 00:05:36 (2457 turns).

christhawk the Conjurer (Draconian Conjurer)        Turns: 2457, Time: 00:05:37

Health: -1/34      AC:  5    Str: 11    XL:     4   Next: 46%
Magic:  5/7        EV: 12    Int: 18    God:    the Shining One [*.....]
Gold:   67         SH:  0    Dex: 10    Spells: 2/8 levels left

rFire   . . .      SeeInvis .   a - +0 spear
rCold   . . .      Faith    .   (no shield)
rNeg    . . .      Spirit   .   (body armour unavailable)
rPois   .          Reflect  .   (helmet restricted)
rElec   .          Harm     .   (no cloak)
rCorr   .          Rampage  .   (no gloves)
Will    .....                   (no boots)
Stlth   +.........              (no amulet)
HPRegen 0.11/turn               (no ring)
MPRegen 0.10/turn               (no ring)

@: glowing
A: AC +5, unfitting armour, cold-blooded
a: Renounce Religion, Divine Shield


You were on level 2 of the Dungeon.
You worshipped the Shining One.
The Shining One was aware of your devotion.
You visited 1 branch of the dungeon, and saw 2 of its levels.

You collected 67 gold pieces.

Inventory:

Hand Weapons
 a - a +0 spear (weapon)
Scrolls
 c - a scroll of fear {unknown}
Potions
 b - a potion of magic
 d - a potion of heal wounds


   Skills:
 + Level 0.4 Fighting
 + Level 1.1 Polearms
 + Level 2.2 Dodging
 + Level 2.2 Stealth
 + Level 2.5 Spellcasting
 + Level 5.0 Conjurations


You had 2 spell levels left.
You knew the following spells:

 Your Spells              Type           Power      Damage    Failure   Level
a - Magic Dart            Conj           80%        1d7       2%          1
b - Searing Ray           Conj           40%        2d5       3%          2
c - Dazzling Flash        Conj/Hex       22%        N/A       19%         3

Your spell library contained the following spells:

 Spells                   Type           Power      Damage    Failure   Level
 Fulminant Prism          Conj/Hex       5%         3d7       52%         4
 Iskenderun's Mystic Bla  Conj/Tloc      11%        2d4       52%         4


Dungeon Overview and Level Annotations

Branches:
Dungeon (2/15)

Altars:
Nemelex Xobeh
The Shining One
Jiyva

Annotations:
D:1 2 runed translucent doors
D:2 Natasha


Innate Abilities, Weirdness & Mutations

Your plain brown scales are hard. (AC +5)
You cannot fit into any form of body armour.
You are cold-blooded and may be slowed by cold attacks.


Message History

The gnoll closely misses you.
You hit the gnoll.
You kill the gnoll!
Your Conjurations skill increases to level 5!
You start resting.
A rat comes into view.
A rat is nearby!
Casting: Magic Dart (safe; 2% risk of failure)
Confirm with . or Enter, or press ? or * to list all spells.
Aiming: Magic Dart (safe; 2% risk of failure)
Press: ? - help, Shift-Dir - straight line, f - rat
Aim: a rat (wandering, hasn't noticed you, 100% to hit)
The magic dart hits the rat.
You kill the rat!
You start resting.
Magic restored.
You start resting.
HP restored.
You see here a +0 club.
Natasha, Servant of Life and Death comes into view.
She is carrying a wand of quicksilver (11).
Natasha zaps a wand.
The bolt of dispelling energy hits you!!
Ouch! That really hurt!
Casting: Magic Dart (safe; 2% risk of failure)
Confirm with . or Enter, or press ? or * to list all spells.
Aiming: Magic Dart (safe; 2% risk of failure)
Press: ? - help, Shift-Dir - straight line, f - Natasha
Aim: Natasha, carrying a wand of quicksilver (10) (100% to hit)
The magic dart hits Natasha.
Natasha is moderately wounded.
Casting: Magic Dart (safe; 2% risk of failure)
Confirm with . or Enter, or press ? or * to list all spells.
Aiming: Magic Dart (safe; 2% risk of failure)
Press: ? - help, Shift-Dir - straight line, f/p - Natasha
Aim: Natasha, carrying a wand of quicksilver (10) (moderately wounded, 100% to hit)
The magic dart hits Natasha but does no damage.
Natasha is moderately wounded.
The endoplasm quivers.
Natasha zaps a wand.
The bolt of dispelling energy hits you!
You die...

########## #........#
#########........#
...............<.########
.........####.)###.......
................@........
.........####..###)......
................# #)....g
.............##.# #...h..
#####.###..#..#...# .....
#.............. ..J..
#####..##....#. ....
#####..#...... ....
#.............


You could see Natasha and an endoplasm.

Vanquished Creatures
  Natasha (D:2)
  3 gnolls (D:2)
  A dart slug (D:1)
  4 ball pythons
  4 endoplasms
  2 giant cockroaches (D:1)
  2 goblins (D:1)
  6 hobgoblins
  3 jackals (D:1)
  4 bats
  5 frilled lizards
  4 kobolds (D:1)
  3 rats
42 creatures vanquished.

Notes
Turn   | Place    | Note
-------+----------+-------------------------------------------
     0 | D:1      | christhawk the Draconian Conjurer began the quest for the
                  | Orb.
     0 | D:1      | Reached XP level 1. HP: 14/14 MP: 3/3
   118 | D:1      | Found a large runed translucent door.
   118 | D:1      | Found a large runed translucent door.
   161 | D:1      | Noticed a jelly
   161 | D:1      | Noticed a jelly
   162 | D:1      | Found a viscous altar of Jiyva.
   162 | D:1      | Noticed a jelly
   164 | D:1      | Noticed a jelly
   243 | D:1      | Reached XP level 2. HP: 20/20 MP: 0/5
   566 | D:1      | Found a faded altar of an unknown god.
   589 | D:1      | Prayed at the altar of an unknown god.
   589 | D:1      | Became a worshipper of the Shining One
   589 | D:1      | Reached * piety under the Shining One
  1170 | D:1      | Reached XP level 3. HP: 4/26 MP: 6/6
  1673 | D:1      | Learned a level 2 spell: Searing Ray
  1677 | D:1      | Learned a level 3 spell: Dazzling Flash
  1742 | D:2      | Found a sparkling altar of Nemelex Xobeh.
  1794 | D:2      | Noticed Natasha
  1798 | D:2      | Killed Natasha
  2105 | D:2      | Reached XP level 4. HP: 32/33 MP: 0/7
  2115 | D:2      | Reached skill level 1 in Polearms
  2343 | D:2      | Reached skill level 5 in Conjurations
  2455 | D:2      | Noticed Natasha
  2457 | D:2      | Killed from afar by Natasha

Illustrated notes

Levels and vault maps discovered:
D:1:      erik_arrival_cave_to_civilisation [erik_arrival_cave_to_temple],
          layout_basic, hellmonk_ecumenical_altar_arch_garden
D:2:      wander_river, layout_rooms, basic_altar, uniq_natasha

Skill      XL: |  1  2  3  4 |
---------------+-------------+-----
Dodging        | 2 |  2.2
Stealth        | 2 |  2.2
Polearms       | 1 |  1.1
Conjurations   | 5 |  5.0
Fighting       | |  0.4
Spellcasting   | |  2.5

Action                   |  1- 3 |  4- 6 || total
-------------------------+-------+-------++-------
Melee: Spear             |    35 |    13 ||    48
       Tailslap          |     3 |     1 ||     4
       Punch             |     1 |       ||     1
 Cast: Magic Dart        |    53 |     4 ||    57
       Searing Ray       |     1 |       ||     1
  Use: Scroll            |     3 |       ||     3
       Potion            |     3 |       ||     3
Armor: Skin              |    29 |     1 ||    30
Dodge: Dodged            |    46 |     7 ||    53
